 Dungeon Crawl Stone Soup version 0.27.1-1-g398f81649c (webtiles) character file.

Game seed: 9837270252430187844

55 calewdscratch the Gusty (level 3, -7/19 HPs)
             Began as a Tengu Air Elementalist on Sept 7, 2021.
             Mangled by Terence (8 damage)
             ... on level 2 of the Dungeon.
             The game lasted 00:15:28 (2871 turns).

calewdscratch the Gusty (Tengu Air Elementalist)    Turns: 2871, Time: 00:15:29

Health: -7/19      AC:  3    Str:  8    XL:     3   Next: 93%
Magic:  0/7        EV: 12    Int: 16    God:
Gold:   47         SH:  0    Dex: 14    Spells: 3/6 levels left

rFire    . . .     SeeInvis .   d - +2 dagger (holy)
rCold    . . .     Faith    .   (no shield)
rNeg     . . .     Spirit   .   a - +0 robe
rPois    +         Reflect  .   (helmet restricted)
rElec    .         Harm     .   (no cloak)
rCorr    .         Rampage  .   f - +0 pair of gloves
Will     .....                  (boots unavailable)
Stlth    ++........             (no amulet)
HPRegen  0.06/turn              j - ring of poison resistance
MPRegen  0.10/turn              (no ring)

@: no status effects
A: beak, talons 3
a: no special abilities


You were on level 2 of the Dungeon.
You visited 1 branch of the dungeon, and saw 2 of its levels.

You collected 47 gold pieces.

Inventory:

Hand Weapons
 c - a +0 dagger
 d - a +2 dagger of holy wrath (weapon)
Armour
 a - a +0 robe (worn)
 f - a +0 pair of gloves (worn)
Jewellery
 j - a ring of poison resistance (left hand)
Scrolls
 e - a scroll of noise {unknown}
 g - a scroll of enchant armour {unknown}
 h - a scroll of vulnerability {unknown}
 k - 2 scrolls of fear {unknown}
Potions
 b - a potion of ambrosia {unknown}
 i - a potion of curing {unknown}


   Skills:
 - Level 2.1 Dodging
 - Level 2.0 Stealth
 + Level 2.4 Spellcasting
 * Level 3.2 Conjurations
 * Level 5.0 Air Magic


You had 3 spell levels left.
You knew the following spells:

 Your Spells              Type           Power      Damage    Failure   Level
a - Shock                 Conj/Air       60%        1d6       3%          1
b - Static Discharge      Conj/Air       15%        N/A       5%          2

Your spell library contained the following spells:

 Spells                   Type           Power      Damage    Failure   Level
 Swiftness                Air            18%        N/A       8%          3
 Animate Skeleton         Necr           2%         N/A       21%         1
 Apportation              Tloc           2%         N/A       21%         1
 Corona                   Hex            1%         N/A       21%         1
 Summon Small Mammal      Summ           4%         N/A       21%         1
 Dazzling Flash           Conj/Hex       14%        N/A       30%         3
 Airstrike                Air            9%         N/A       26%         4
 Iskenderun's Mystic Bla  Conj/Tloc      7%         2d4       71%         4
 Starburst                Conj/Fire      3%         6d3       100%        6


Dungeon Overview and Level Annotations

Branches:
Dungeon (2/15)

Altars:

Annotations:
D:2 Terence


Innate Abilities, Weirdness & Mutations

You have a beak for a mouth.
You have claws for feet.


Message History

The zap hits the rat.
You kill the rat!
You start resting.
Magic restored.
Terence the Incautious comes into view.
He is wielding a +0 flail and wearing a +4 scale mail of fire resistance.
Terence shouts!
Aiming: Shock (safe; 3% risk of failure)
Press: ? - help, Q - select action, (/) - cycle Shift-Dir - straight line, f - Terence
Aim: Terence, wielding a +0 flail and wearing a +4 scale mail of fire resistance (75% to hit)
The zap hits Terence.
Terence is lightly wounded.
Terence looks scornfully at you.
Casting: Shock (safe; 3% risk of failure)
Confirm with . or Enter, or press ? or * to list all spells.
Terence is struck by an arc of lightning.
Terence is heavily wounded.
You are struck by an arc of lightning.
The lightning grounds out.
Terence hits you with a +0 flail.
Casting: Static Discharge (safe; 5% risk of failure)
Confirm with . or Enter, or press ? or * to list all spells.
Terence is struck by an arc of lightning.
Terence is severely wounded.
You are struck by an arc of lightning.
The lightning grounds out.
Terence barely misses you.
A frilled lizard comes into view.
Casting: Static Discharge (safe; 5% risk of failure)
Confirm with . or Enter, or press ? or * to list all spells.
Terence is struck by an arc of lightning.
Terence is almost dead.
You are struck by an arc of lightning.
The lightning grounds out.
The frilled lizard hisses angrily.
Terence closely misses you.
You hit Terence but do no damage.
Terence is almost dead.
Terence hits you with a +0 flail!
* * * LOW HITPOINT WARNING * * *
You closely miss Terence.
Terence is almost dead.
Terence hits you with a +0 flail!
You die...

########## #........###
#.##.......#
#.##.###.#.#
#.##.......# ###
#.##..###..####### ##.##
#.....# #.@@...l..
#...######..###..#######
..................
#...##########...##
##.## ##.## ##.##### #.#
.......# #. ##.###.# #+
##.###.#


You could see Terence and a frilled lizard.

Vanquished Creatures
  2 adders (D:2)
  5 ball pythons
  3 giant cockroaches
  2 goblins (D:1)
  2 hobgoblins
  7 jackals
  A kobold (D:1)
  2 quokkas (D:1)
  4 bats
  2 frilled lizards
  3 rats
33 creatures vanquished.

Notes
Turn   | Place    | Note
-------+----------+-------------------------------------------
     0 | D:1      | calewdscratch the Tengu Air Elementalist began the quest
                  | for the Orb.
     0 | D:1      | Reached XP level 1. HP: 10/10 MP: 4/4
   157 | D:1      | Reached XP level 2. HP: 8/15 MP: 0/6
   290 | D:1      | Learned a level 2 spell: Static Discharge
  1522 | D:1      | Reached XP level 3. HP: 19/19 MP: 0/7
  2585 | D:2      | Reached skill level 5 in Air Magic
  2864 | D:2      | Noticed Terence
  2871 | D:2      | Mangled by Terence

Illustrated notes

Levels and vault maps discovered:
D:1:      dpeg_arrival_more_subterranean_lakeside_camping, layout_basic
D:2:      layout_loops_corners, hellmonk_ecumenical_altar_heavens_door,
          uniq_terence

Skill      XL: |  1  2  3 |
---------------+----------+-----
Conjurations   | 2 3 |  3.2
Air Magic      | 5 |  5.0
Dodging        | |  2.1
Stealth        | |  2.0
Spellcasting   | |  2.4

Action                   || total
-------------------------++-------
Melee: Dagger            ||    13
       Kick              ||     1
 Cast: Shock             ||    53
       Static Discharge  ||    10
Armor: Robe              ||     5
Dodge: Dodged            ||    20
